 Dungeon Sprint DCSS version 0.18-b1-16-g289874d (webtiles) character file.

5294 otab the End of an Era (level 10, -4/86 HPs)
             Began as a Demonspawn Fighter on May 1, 2016.
             Was the Champion of Qazlal.
             Slain by a mummy priest
             ... wielding a +3 trident of piercing
              (22 damage)
             ... in the Dungeon (Sprint V: "Ziggurat Sprint").
             The game lasted 00:02:03 (246 turns).

otab the End of an Era (Demonspawn Fighter)          Turns: 246, Time: 00:02:04

Health: -4/86      AC: 32    Str: 28    XL:     10   Next: 37%
Magic:  9/20       EV:  4    Int:  9    God:    Qazlal [******]
Gold:   0          SH: 48    Dex: 20    Spells: 0 memorised, 9 levels left

rFire  . . .     SeeInvis +     J - +14 obsidian axe {chop, +Fly Str+3 SInv *Curse} (curse)
rCold  . . .     Gourm    .     K - +15 Maxwell's patent armour {-Cast -Tele rElec MR+ rCorr}
rNeg   + . .     Faith    .     L - +18 shield of the gong {rElec rN+ MR+ EV-5}
rPois  .         Spirit   .     (helmet restricted)
rElec  +         Dismiss  .     (no cloak)
rCorr  +         Reflect  +     (no gloves)
SustAt .         Harm     .     (no boots)
MR     ++...     NoTele   +     v - brooch of Shielding {Reflect SH+8}
Stlth  .......... NoCast   +    E - +6 ring of strength
                                y - +6 ring of dexterity

@: mesmerised, studying Transmutations, repel missiles, very resistant to
hostile enchantments, extremely unstealthy
A: horns 1, thin metallic scales 2, nightstalker 1, spiny 1
a: Upheaval, Elemental Force, Disaster Area, Renounce Religion, Evoke Flight


You were in the Dungeon.
You worshipped Qazlal.
Qazlal was exalted by your worship.
You were not hungry.

You visited 1 branch

Inventory:

Hand Weapons
 a - a +0 war axe
 J - the cursed +14 obsidian axe (weapon) {chop, +Fly Str+3 SInv *Curse}
   (You found it in the Dungeon)

   It inflicts extra damage upon your enemies.
   It affects your strength (+3).
   It lets you see invisible.
   It lets you fly.
   It may re-curse itself when equipped.
   It has a curse placed upon it.
Armour
 b - a +0 scale mail
 c - a +0 shield
 l - a +5 gold dragon armour
 K - the +15 Maxwell's patent armour (worn) {-Cast -Tele rElec MR+ rCorr}
   (You found it in the Dungeon)

   It insulates you from electricity.
   It affects your resistance to hostile enchantments.
   It prevents spellcasting.
   It prevents most forms of teleportation.
   It protects you from acid and corrosion.
 L - the +18 shield of the gong (worn) {rElec rN+ MR+ EV-5}
   (You found it in the Dungeon)

   It affects your evasion (-5).
   It insulates you from electricity.
   It protects you from negative energy.
   It affects your resistance to hostile enchantments.
Jewellery
 v - the brooch of Shielding (around neck) {Reflect SH+8}
   (You found it in the Dungeon)

   [amulet of reflection]

   It shields you and reflects attacks.
   It affects your SH (+8).
 y - a +6 ring of dexterity (left hand)
 A - a +6 ring of dexterity
 B - a +6 ring of intelligence
 C - a +6 ring of intelligence
 D - a +6 ring of strength
 E - a +6 ring of strength (right hand)
Wands
 F - a wand of disintegration (7/24)
 G - a wand of iceblast (5/15)
 H - a wand of lightning (5/15)
 I - a wand of acid (5/15)
Scrolls
 k - 4 scrolls of blinking
 m - 4 scrolls of amnesia
 n - 3 scrolls of recharging
 o - 7 scrolls of fog
 p - 5 scrolls of identify
 q - 5 scrolls of remove curse
 r - 2 scrolls of fear
 N - 4 scrolls of enchant weapon
Potions
 d - 6 potions of might
 e - 10 potions of curing
 g - 8 potions of heal wounds
 h - 6 potions of haste
 i - 7 potions of magic
 j - 3 potions of berserk rage
 s - 2 potions of brilliance
 t - 2 potions of invisibility
 u - 4 potions of resistance
 w - 5 potions of agility
Books
 M - a manual of Transmutations
Comestibles
 f - 5 bread rations
 x - 42 fruits
 z - 4 meat rations


   Skills:
 + Level 10.8 Fighting
 * Level 11.7 Axes
 + Level 9.4 Armour
 + Level 2.7 Dodging
 + Level 11.3 Shields
 * Level 13.3 Invocations


You had 9 spell levels left.
You didn't know any spells.

Dungeon Overview and Level Annotations

Branches:
Dungeon (1/1)

Altars:
Ashenzari
Cheibriados
Dithmenos
Elyvilon
Fedhas
Gozag
Kikubaaqudgha
Makhleb
Nemelex Xobeh
Okawaru
Pakellas
Qazlal
Ru
Sif Muna
Trog
Vehumet
Xom
Yredelemnul
Zin
The Shining One
Beogh
Jiyva
Lugonu


Innate Abilities, Weirdness & Mutations

You have a pair of small horns on your head.
You are mostly covered in thin metallic scales (AC +3).
You are slightly more attuned to the shadows.
You are partially covered in sharp spines.


Message History

The mummy priest is almost destroyed.
You block the mummy priest's attack.
GONNNNG!
You block the mummy priest's attack.
GONNNNG!
Unknown command.
You barely miss the mummy priest.
You headbutt the mummy priest, but do no damage.
The mummy priest is almost destroyed.
Unknown command.
Unknown command.
You slash the mummy priest! You open a gate to Pandemonium!
A demon appears!
You are no longer entranced.
You destroy the mummy priest!
Qazlal accepts your kill.
You feel extremely nervous for a moment...
Nothing appears to happen.
Visions of slaying the mummy priest flood into your mind.
The mummy priest hits you from afar with a +3 trident of piercing!!
You die...

▓.▓....▓.▓....†...▓
▓........▓........▓
▓▓▓▓▓▓▓▓▓▓▓▓▓▓▓▓▓▓▓
▓...8©8...▓..8©8..▓
▓..}.::...▓..)}:..▓
▓....==...▓...§=..▓
▓...M.§...▓..§§...▓
▓...§.....▓...§...▓
▓....§@§..▓.).)...▓
▓....§.§..▓.†)....▓
▓...3§.§§.▓.▓.).▓.▓
▓.........▓.......▓
▓▓▓▓▓▓▓▓▓▓▓▓▓▓▓▓▓▓▓
▓..8©8..▓ ▓..§§=§.▓
▓..§§4§.▓ ▓.§.....▓


You could see a mummy priest and a friendly chaos spawn.

Vanquished Creatures
  2 mummy priests (D)
  4 toenail golems (D)
  2 guardian mummies (D)
  4 spriggans (D)
  2 water moccasins (D)
  An ice beast (D)
  2 wasps (D)
  A necrophage (D)
  2 wolves (D)
  3 centaurs (D)
  A scorpion (D)
  A wight (D)
  A mummy (D)
  2 adders (D)
  A white imp (D)
  An adder zombie (D)
  An adder skeleton (D)
  An adder simulacrum (D)
  A ball python (D)
  2 bat skeletons (D)
  A jackal simulacrum (D)
36 creatures vanquished.

Vanquished Creatures (collateral kills)
  A jumping spider (D)
  A phantom (D)
2 creatures vanquished.

Grand Total: 38 creatures vanquished

Notes
Turn   | Place    | Note
--------------------------------------------------------------
     0 | D        | otab the Demonspawn Fighter began the quest for the Orb.
     0 | D        | Reached XP level 1. HP: 18/18 MP: 1/1
     5 | D        | Found an iron altar of Okawaru.
     5 | D        | Found a burning altar of Makhleb.
     5 | D        | Found a radiant altar of Vehumet.
     5 | D        | Found a deep blue altar of Sif Muna.
     5 | D        | Found a shimmering altar of Xom.
     5 | D        | Found a bloodstained altar of Trog.
     7 | D        | Found a roughly hewn altar of Beogh.
     7 | D        | Found a corrupted altar of Lugonu.
     7 | D        | Found a viscous altar of Jiyva.
     7 | D        | Found a white marble altar of Elyvilon.
     7 | D        | Found a sparkling altar of Nemelex Xobeh.
    60 | D        | Became a worshipper of Qazlal Stormbringer
    67 | D        | Reached skill level 4 in Invocations
    67 | D        | Gained mutation: You are partially covered in thin metallic scales (AC +2). [demonic ancestry]
    67 | D        | Reached XP level 2. HP: 25/25 MP: 1/5
    73 | D        | Entered arena 1.
    73 | D        | Noticed a scorpion
    73 | D        | Noticed a jumping spider
    76 | D        | Killed a scorpion
    76 | D        | Reached skill level 5 in Invocations
    76 | D        | Gained mutation: You are partially covered in sharp spines. [demonic ancestry]
    76 | D        | Reached XP level 3. HP: 28/31 MP: 1/7
    81 | D        | Killed a jumping spider
    81 | D        | Reached skill level 5 in Axes
    81 | D        | Reached skill level 5 in Armour
    81 | D        | Reached skill level 5 in Shields
    81 | D        | Reached skill level 7 in Invocations
    81 | D        | Gained mutation: You are slightly more attuned to the shadows. [demonic ancestry]
    81 | D        | Reached XP level 4. HP: 37/40 MP: 2/9
    81 | D        | Reached XP level 5. HP: 43/46 MP: 2/10
    87 | D        | Entered arena 2.
    87 | D        | Noticed a centaur
    87 | D        | Noticed a centaur
    87 | D        | Noticed a centaur
    90 | D        | Killed a centaur
    90 | D        | Reached * piety under Qazlal
    90 | D        | Reached skill level 8 in Invocations
    90 | D        | Reached XP level 6. HP: 50/53 MP: 3/12
    95 | D        | Entered arena 3.
    95 | D        | Noticed a toenail golem
    95 | D        | Noticed a toenail golem
    95 | D        | Noticed a toenail golem
    95 | D        | Noticed a toenail golem
   100 | D        | Killed a toenail golem
   100 | D        | Reached skill level 9 in Invocations
   100 | D        | Reached XP level 7. HP: 60/61 MP: 5/14
   101 | D        | Killed a toenail golem
   101 | D        | Reached skill level 10 in Invocations
   101 | D        | Reached XP level 8. HP: 69/69 MP: 5/15
   102 | D        | Killed a toenail golem
   105 | D        | Killed a toenail golem
   105 | D        | Reached skill level 11 in Invocations
   112 | D        | Entered arena 4.
   114 | D        | Reached ** piety under Qazlal
   172 | D        | Entered arena 5.
   175 | D        | Reached *** piety under Qazlal
   175 | D        | Gained mutation: You have a pair of small horns on your head. [demonic ancestry]
   175 | D        | Reached XP level 9. HP: 77/77 MP: 17/17
   178 | D        | Reached **** piety under Qazlal
   187 | D        | Entered arena 6.
   187 | D        | Noticed a spriggan rider
   187 | D        | Noticed a spriggan rider
   198 | D        | Reached ***** piety under Qazlal
   198 | D        | Reached skill level 12 in Invocations
   199 | D        | Reached skill level 10 in Fighting
   204 | D        | Reached skill level 10 in Axes
   204 | D        | Reached skill level 10 in Shields
   216 | D        | Entered arena 7.
   234 | D        | Entered arena 8.
   234 | D        | Noticed a mummy priest
   234 | D        | Noticed a mummy priest
   235 | D        | Noticed a phantasmal warrior
   235 | D        | Noticed a guardian mummy
   236 | D        | Noticed a red devil
   236 | D        | Noticed an ice devil
   236 | D        | Noticed a mummy priest
   236 | D        | Noticed a guardian mummy
   238 | D        | Noticed a flayed ghost
   239 | D        | Killed a guardian mummy
   239 | D        | Reached ****** piety under Qazlal
   241 | D        | Killed a mummy priest
   241 | D        | Gained mutation: You are mostly covered in thin metallic scales (AC +3). [demonic ancestry]
   241 | D        | Reached XP level 10. HP: 17/86 MP: 8/19
   241 | D        | HP: 2/86 [mummy priest/+3 trident of piercing (4)]
   244 | D        | Reached skill level 13 in Invocations
   246 | D        | Killed a mummy priest
   246 | D        | Slain by a mummy priest

Skill      XL: |  1  2  3  4  5  6  7  8  9 10 |
---------------+-------------------------------+-----
Axes           | 3 4 5 6 7 8 11 | 11.7
Armour         | 3 4 5 6 7 8 9 |  9.4
Dodging        | 2 |  2.7
Shields        | 3 4 5 6 7 8 9 10 11 | 11.3
Invocations    | 4 5 7 8 9 10 11 12 13 | 13.3
Fighting       | 4 6 7 8 9 10 | 10.8

Action                   |  1- 3 |  4- 6 |  7- 9 | 10-12 || total
-------------------------+-------+-------+-------+-------++-------
Melee: Broad axe         |     4 |     6 |    37 |     4 ||    51
       Headbutt          |       |       |     6 |     2 ||     8
Invok: Upheaval          |       |       |     1 |       ||     1
       Disaster Area     |       |       |     1 |       ||     1
  Use: Potion            |     1 |       |     1 |     1 ||     3
 Stab: Distracted        |       |       |     1 |       ||     1
Armor: Plate armour      |     1 |     4 |    11 |       ||    16
Dodge: Dodged            |       |     1 |     2 |       ||     3
Block: Shield            |     8 |    10 |    82 |     7 ||   107
